 Dungeon Crawl Stone Soup version 0.31-a0-1522-g43313d8a59 (webtiles) character file.

Game seed: 13755477337329869891

26477 browncat47 the Cleaver (level 12, -13/113 HPs)
             Began as a Minotaur Berserker on Dec 30, 2023.
             Was a High Priest of Trog.
             Killed from afar by an ogre mage (16 damage)
             ... with a bolt of magma
             ... on level 1 of the Orcish Mines.
             The game lasted 00:12:50 (10291 turns).

browncat47 the Cleaver (Minotaur Berserker)        Turns: 10291, Time: 00:12:51

Health: -13/113    AC: 19    Str: 23    XL:     12   Next: 98%
Magic:  11/11      EV: 13    Int:  8    God:    Trog [*****.]
Gold:   1046       SH: 17    Dex: 10    Spells: 11/11 levels left

rFire   . . .        a - +4 hand axe (vamp)
rCold   . . .        c - +2 tower shield
rNeg    . . .        b - +0 plate armour
rPois   .            (helmet restricted)
rElec   .            p - +1 cloak
rCorr   .            (no gloves)
SInv    +            C - +0 pair of boots
Will    .....        E - amulet of regeneration Stlth
                     e - ring of see invisible
HPRegen 1.18/turn    i - +5 ring of evasion
MPRegen 0.12/turn

%: no passive effects
@: lethally poisoned (-13 -> -13), about to teleport, on berserk cooldown,
slowed, very slow
A: horns 2, retaliatory headbutt
a: Renounce Religion, Berserk, Trog's Hand, Brothers in Arms


You were on level 1 of the Orcish Mines.
You worshipped Trog.
Trog was extremely pleased with you.
You visited 2 branches of the dungeon, and saw 14 of its levels.

You collected 1046 gold pieces.

Inventory:

Hand Weapons
 a - a +4 vampiric hand axe (weapon)
Armour
 b - a +0 plate armour (worn)
 c - a +2 tower shield (worn)
 p - a +1 cloak (worn)
 C - a +0 pair of boots (worn)
Jewellery
 e - a ring of see invisible (left hand)
 i - a +5 ring of evasion (right hand)
 x - a ring of protection from cold
 E - an amulet of regeneration (around neck)
 G - a +5 ring of evasion
Wands
 u - a wand of flame (46)
 y - a wand of acid (15)
Scrolls
 d - a scroll of summoning {unknown}
 f - 2 scrolls of fog {unknown}
 g - 3 scrolls of enchant weapon {unknown}
 h - 2 scrolls of noise {unknown}
 j - 3 scrolls of amnesia {unknown}
 l - 2 scrolls of blinking {unknown}
 n - 6 scrolls of identify
 o - 3 scrolls of teleportation
 r - 2 scrolls of poison {unknown}
 t - 2 scrolls of immolation {unknown}
 H - a scroll of fear {unknown}
Potions
 k - 3 potions of attraction {unknown}
 m - a potion of might {unknown}
 q - a potion of lignification {unknown}
 s - 5 potions of curing {unknown}
 v - 4 potions of heal wounds {unknown}
 w - 2 potions of berserk rage {unknown}
 z - a potion of resistance {unknown}
 A - a potion of invisibility {unknown}
 B - 2 potions of degeneration {unknown}
 D - a potion of haste {unknown}
 F - a potion of cancellation {unknown}


   Skills:
 + Level 12.6 Fighting
 + Level 12.6 Axes
 + Level 12.4 Armour
 + Level 11.3 Dodging
 + Level 11.0 Shields


You had 11 spell levels left.
You didn't know any spells.
Your spell library was empty.

Dungeon Overview and Level Annotations

Branches:
Dungeon (12/15)            Temple (0/1) D:5            Lair (0/5) D:8
    Orc (2/2) D:9             Elf (0/3) Orc:2

Altars:
Ashenzari
Wu Jian
Zin

Shops:
D:2 =[   D:3 =   D:5 !


Innate Abilities, Weirdness & Mutations

You have a pair of horns on your head.
You reflexively headbutt those who attack you in melee.


Message History

You slash the hornet!
You feel better.
You barely miss the hornet.
You feel sick. You block the hornet's attack. The hornet stings you!
* * * LOW HITPOINT WARNING * * *
You feel as though you will be slow longer.
You block the ogre mage's attack. You block the hornet's attack.
You barely miss the hornet.
The hornet is almost dead.
You miss the hornet. You slash the hornet!
You feel better.
You kill the hornet!
Trog accepts your kill.
You are no longer berserk.
You are exhausted.
You feel as though you will be slow longer.
You feel sick. You block the hornet's attack. x2
You block the ogre mage's attack.
Your life force feels restored.
Unknown command.
As you read the scroll labelled ECRUL LIOTO, it crumbles to dust.
It is a scroll of identify.
o - 4 scrolls of teleportation You feel sick.
The hornet stings you but does no damage.
You block the hornet's attack. You block the ogre mage's attack.
You block the soul eater's attack. You block the hornet's attack.
The hornet closely misses you.
An orc sorcerer comes into view. It is wielding a +3 dagger.
As you read the scroll of teleportation, it crumbles to dust.
You feel strangely unstable.
You feel sick. You block the hornet's attack. The hornet closely misses you.
You furiously retaliate!
You headbutt the hornet!
You kill the hornet!
Trog accepts your kill. The ogre mage misses you.
You block the soul eater's attack. The smoke demon gestures at you.
The ball of steam hits you!!
* * * LOW HITPOINT WARNING * * *
The hornet barely misses you.
The ogre mage points at you and mumbles some strange words.
The bolt of magma hits you!
You die...

##....#.##...# ####
###.......#..##
...##.#..........#
#...#.........#.##
#o..##...........#
#.3o#..........##
#O3O#..........#
#3ยง#..)......## #)@y..........#
#..#.........## #...#..........#
#...#..........# #
#...##.........## ## ###
#...#..........## #. ##.#
...##.........#.#####
#..############..#...........#.#
##...........#..................


You could see a soul eater (summoned), 2 ogre magi, a smoke demon (summoned), a
hornet, a neqoxec (summoned) and 2 orc sorcerers.

Vanquished Creatures
  Gastronok (D:9)
  An orc warlord (Orc:1)
  A hydra (D:12)
  Erolcha (D:9)
  A two-headed ogre (Orc:1)
  A boulder beetle (D:11)
  2 orc high priests (Orc:1)
  A sixfirhy (D:7)
  An orc knight (Orc:1)
  An ugly thing (D:12)
  A manticore (D:9)
  A cyclops (D:11)
  4 orc sorcerers (Orc:1)
  4 kobold blastminers (Orc:1)
  An unseen horror (D:11)
  A kobold demonologist (D:11)
  4 trolls
  4 hornets
  6 slime creatures (D:12)
  4 shadows
  A vampire (D:9)
  A wraith (D:10)
  A wyvern (D:9)
  A basilisk (D:11)
  A warg (Orc:1)
  11 vampire mosquitoes
  17 yaks
  4 steam dragons
  Menkaure (D:5)
  An acid dragon (D:11)
  5 water moccasins
  21 orc warriors
  2 ice beasts
  4 black bears (D:8)
  A sky beast (D:8)
  8 centaurs
  4 ogres
  2 phantoms (D:4)
  2 kobold brigands
  3 gnoll sergeants
  5 bullfrogs
  2 scorpions (D:8)
  5 wights (D:8)
  6 killer bees
  5 howler monkeys
  4 bombardier beetles
  An electric eel (D:9)
  A lava snake (D:8)
  A jelly (D:5)
  A hound (D:6)
  Crazy Yiuf (D:3)
  10 orc priests
  4 iguanas
  Terence (D:2)
  4 sleepcaps
  16 orc wizards
  14 gnolls
  14 adders
  4 shadow imps (D:7)
  A white imp (D:7)
  3 ufetubi (D:7)
  3 ribbon worms
  48 orcs
  6 bats
  6 endoplasms
  4 giant cockroaches
  A goblin (D:3)
  3 hobgoblins
  2 jackals (D:4)
  13 kobolds
  2 quokkas
  8 ball pythons
  4 frilled lizards
  2 rats
337 creatures vanquished.

Vanquished Creatures (others)
  A kobold brigand (D:10)
  2 kobolds (D:10)
3 creatures vanquished.

Grand Total: 340 creatures vanquished

Notes
Turn   | Place    | Note
-------+----------+-------------------------------------------
     0 | D:1      | browncat47 the Minotaur Berserker began the quest for the
                  | Orb.
     0 | D:1      | Reached XP level 1. HP: 19/19 MP: 0/0
   242 | D:1      | Found a faded altar of an unknown god.
   531 | D:1      | Reached XP level 2. HP: 27/27 MP: 1/1
   966 | D:2      | Found Zyfecer's Armour Shop.
  1192 | D:2      | Reached XP level 3. HP: 33/33 MP: 2/2
  1294 | D:2      | Found Ytoisicw's Jewellery Shop.
  1392 | D:2      | Noticed Terence
  1405 | D:2      | Killed Terence
  1569 | D:2      | Reached XP level 4. HP: 39/41 MP: 3/3
  1829 | D:3      | Reached ** piety under Trog
  1856 | D:3      | Found Ehyoph's Jewellery Emporium.
  2033 | D:3      | Found a runed translucent door.
  2034 | D:3      | Noticed Crazy Yiuf
  2345 | D:3      | Killed Crazy Yiuf
  2346 | D:3      | Reached XP level 5. HP: 47/47 MP: 4/4
  2472 | D:4      | Noticed a phantom
  2480 | D:4      | Killed a phantom
  2481 | D:4      | Reached skill level 5 in Fighting
  2481 | D:4      | Reached skill level 5 in Axes
  2509 | D:4      | Reached XP level 6. HP: 56/56 MP: 5/5
  2529 | D:4      | Found a broken altar of Ashenzari.
  2664 | D:4      | Reached skill level 5 in Armour
  2664 | D:4      | Reached XP level 7. HP: 62/62 MP: 6/6
  2888 | D:5      | Entered Level 5 of the Dungeon
  3013 | D:5      | Noticed Menkaure
  3023 | D:5      | Killed Menkaure
  3024 | D:5      | Reached skill level 5 in Dodging
  3271 | D:5      | Found a staircase to the Ecumenical Temple.
  3427 | D:5      | Reached *** piety under Trog
  3711 | D:5      | Reached skill level 1 in Shields
  3712 | D:5      | Found Kifye's Distillery.
  4006 | D:6      | Reached XP level 8. HP: 60/71 MP: 7/7
  4398 | D:6      | Noticed a troll
  4406 | D:6      | Killed a troll
  5204 | D:7      | Reached XP level 9. HP: 64/80 MP: 8/8
  5211 | D:7      | Reached **** piety under Trog
  5214 | D:7      | Reached skill level 5 in Shields
  5568 | D:7      | Reached XP level 10. HP: 84/90 MP: 9/9
  5593 | D:7      | Found a runed translucent door.
  5593 | D:7      | Noticed a sixfirhy
  5731 | D:7      | Killed a sixfirhy
  5978 | D:8      | Found a staircase to the Lair.
  6289 | D:8      | Reached ***** piety under Trog
  6421 | D:8      | Found a glowing silver altar of Zin.
  6421 | D:8      | Found an ornate altar of the Wu Jian Council.
  6621 | D:9      | Noticed Erolcha
  6637 | D:9      | Killed Erolcha
  6638 | D:9      | Reached skill level 10 in Fighting
  6638 | D:9      | Reached skill level 10 in Axes
  6685 | D:9      | Reached XP level 11. HP: 94/99 MP: 10/10
  6787 | D:9      | Reached skill level 10 in Armour
  6861 | D:9      | Noticed Gastronok
  6881 | D:9      | Killed Gastronok
  7034 | D:9      | Found a staircase to the Orcish Mines.
  7156 | D:10     | Entered Level 10 of the Dungeon
  7987 | D:11     | Noticed a boulder beetle
  8035 | D:11     | Killed a boulder beetle
  8175 | D:11     | Reached skill level 10 in Dodging
  8375 | D:11     | Received a gift from Trog
  8883 | D:12     | Reached XP level 12. HP: 110/110 MP: 11/11
  9100 | D:12     | Noticed a four-headed hydra
  9119 | D:12     | Killed a 14-headed hydra
  9441 | Orc:1    | Entered Level 1 of the Orcish Mines
  9441 | Orc:1    | Noticed an orc warlord
  9441 | Orc:1    | Noticed a two-headed ogre
  9452 | Orc:1    | Killed a two-headed ogre
  9453 | Orc:1    | Reached skill level 10 in Shields
  9464 | Orc:1    | Killed an orc warlord
  9475 | Orc:1    | Noticed an orc high priest
  9502 | Orc:1    | HP: 2/109 [orc warrior/+0 war axe[an orc high priest] (11)]
  9503 | Orc:1    | Killed an orc high priest
  9503 | Orc:1    | Received a gift from Trog
  9684 | Orc:2    | Entered Level 2 of the Orcish Mines
  9716 | Orc:2    | Found a staircase to the Elven Halls.
  9813 | Orc:1    | Noticed an orc high priest
  9826 | Orc:1    | Killed an orc high priest
 10272 | Orc:1    | Noticed an ogre mage
 10279 | Orc:1    | Paralysed by a hornet for 3 turns
 10281 | Orc:1    | Noticed an ogre mage
 10291 | Orc:1    | HP: 3/113 [smoke demon/ball of steam[an orc sorcerer] (22)]
 10291 | Orc:1    | Killed from afar by an ogre mage

Illustrated notes

Levels and vault maps discovered:
D:1:      matt_arrival_refuge, layout_basic,
          shapermc_ecumenical_altar_flowoftime
D:2:      layout_loops_cross, serial_shops, shop, nicolae_shop_hallway_stairs,
          uniq_terence
D:3:      layout_basic, serial_shops, shop, uniq_crazy_yiuf_cottage
D:4:      layout_rooms, ashenzari_altar_1, saegor_snake_ambush
D:5:      layout_rooms, minmay_temple_entry_grid, serial_shops,
          nicolae_shop_competitors_out_of_business, kennysheep_small_spiral,
          dk_noncrumbling_4, uniq_menkaure
D:6:      layout_basic, chequers_decorated_corner,
          nicolae_elevator_lobby_asterisk
D:7:      cheibrodos_shockbox, layout_cave_pools, serial_demonic,
          serial_demonic_g, serial_demonic_e, serial_demonic_d,
          serial_demonic_b, serial_demonic_c, serial_demonic_g, serial_demonic_g
D:8:      layout_cave_pools, gammafunk_temple_overflow_elements,
          due_lair_maze_entry_diamond, grunt_ministairs_13, kennysheep_dice
D:9:      layout_basic, orc_0_dummy, minivault_4, minmay_between,
          uniq_gastronok, uniq_erolcha
D:10:     layout_grid_maze
D:11:     layout_basic
D:12:     layout_long_grid
Orc:1:    hellmonk_paralyzer, layout_caves, abandoned_shop,
          nicolae_orc_lava_room
Orc:2:    pf_orc_diabolical, layout_caves, nicolae_orc_pool_cavern,
          mines4_lemuel

Skill      XL: |  1  2  3  4  5  6  7  8  9 10 11 12 |
---------------+-------------------------------------+-----
Fighting       | 4 5 6 7 8 10 11 12 | 12.6
Axes           | 4 5 6 7 8 10 11 12 | 12.6
Armour         | 3 4 5 7 8 9 11 12 | 12.4
Dodging        | 3 4 5 6 7 8 10 11 | 11.3
Shields        | 1 4 6 7 9 11 | 11.0

Action                     |  1- 3 |  4- 6 |  7- 9 | 10-12 || total
---------------------------+-------+-------+-------+-------++-------
  Melee: Hand axe          |    66 |    87 |   199 |   805 ||  1157
         Headbutt          |     7 |    14 |    39 |   187 ||   247
         Punch             |     2 |       |       |       ||     2
 Invoke: Berserk           |     1 |     1 |     1 |     8 ||    11
  Evoke: Wand              |       |       |       |     1 ||     1
    Use: Scroll            |       |       |       |     2 ||     2
 Armour: Animal skin       |    28 |       |       |       ||    28
         Chain mail        |     3 |       |       |       ||     3
         Plate armour      |       |    45 |   137 |   555 ||   737
  Dodge: Dodged            |    48 |    49 |   119 |   454 ||   670
  Block: Buckler           |       |       |    61 |   193 ||   254
         Tower shield      |       |       |       |   483 ||   483

Table legend: (Time is in decaauts)
 A = Elapsed time spent in this place.
 B = Non-inter-level travel time spent in this place.
 C = Inter-level travel time spent in this place.
 D = Time resting spent in this place.
 E = Time spent auto-exploring this place.
 F = Levels seen in this place.
 G = Mean time per level.
                   A        B        C        D        E       F      G
               +--------+--------+--------+--------+--------+-----+--------+
         Total |  10310 |   9919 |    391 |    676 |   7246 |  14 |  736.4 |
       Dungeon |   9471 |   9081 |    390 |    541 |   6849 |  12 |  789.2 |
  Orcish Mines |    839 |    839 |      0 |    135 |    397 |   2 |  419.5 |
               +--------+--------+--------+--------+--------+-----+--------+

Top non-repeatable levels by time:
     D:6: 1106 daAuts
     D:5: 1036 daAuts
     D:1: 968 daAuts
    D:11: 862 daAuts
    D:10: 848 daAuts
     D:2: 848 daAuts
     D:8: 790 daAuts
     D:7: 745 daAuts
   Orc:1: 732 daAuts
     D:3: 632 daAuts
     D:9: 616 daAuts
    D:12: 530 daAuts
     D:4: 485 daAuts
   Orc:2: 107 daAuts
